 Seeded DCSS version 0.29.1-12-g30fa7ad0bf (webtiles) character file.

Game seed: 16245865983455551772 (custom seed)

73 hikkokomori the Conjurer (level 4, 0/27 HPs)
             Began as an Octopode Conjurer on Jan 18, 2023.
             Succumbed to an orc's poison
             ... on level 3 of the Dungeon.
             The game lasted 00:02:34 (2490 turns).

hikkokomori the Conjurer (Octopode Conjurer)        Turns: 2490, Time: 00:02:35

Health: 0/27       AC:  5    Str:  6    XL:     4   Next: 27%
Magic:  12/16      EV: 13    Int: 22    God:
Gold:   122        SH:  0    Dex: 10    Spells: 5/8 levels left

rFire   + . .      SeeInvis .   (no weapon)
rCold   . . .      Faith    .   (no shield)
rNeg    + . .      Spirit   .   (helmet restricted)
rPois   .          Reflect  .   (no amulet)
rElec   .          Harm     .   b - ring "Ganwu" {rN+ Will+ AC+4}
rCorr   .          Rampage  .   e - ring "Zuotimni" {Wiz rF+ MP+9}
Will    +....                   (no ring)
Stlth   +++.......              (no ring)
HPRegen 0.09/turn               (no ring)
MPRegen 0.15/turn               (no ring)
                                (no ring)
                                (no ring)

@: mighty, lethally poisoned (0 -> -7)
A: almost no armour, amphibious, 8 rings, camouflage 1, gelatinous body 1,
(nimble swimmer 1), tentacles
a: no special abilities


You were on level 3 of the Dungeon.
You visited 1 branch of the dungeon, and saw 3 of its levels.

You collected 122 gold pieces.

Inventory:

Hand Weapons
 j - a +0 dagger of draining
Jewellery
 b - the ring "Ganwu" (left tentacle) {rN+ Will+ AC+4}
   (You acquired it on level 1 of the Dungeon)

   [ring of protection]

   AC:        It affects your AC (+4).
   rN:        It protects you from negative energy.
   Will:      It increases your willpower.
 e - the ring "Zuotimni" (right tentacle) {Wiz rF+ MP+9}
   (You acquired it on level 1 of the Dungeon)

   [ring of wizardry]

   It improves your spell success rate.
   rF:        It protects you from fire.
   MP:        It affects your magic capacity (+9).
 g - a +6 ring of intelligence
 h - a +6 ring of intelligence
 p - an amulet of regeneration
Wands
 n - a wand of roots (4)
Scrolls
 f - 2 scrolls of teleportation {unknown}
 k - 2 scrolls of identify {unknown}
 l - a scroll of enchant weapon {unknown}
 m - a scroll of summoning {unknown}
 o - a scroll of noise {unknown}
Potions
 a - a potion of magic
 d - 2 potions of flight {unknown}
 i - a potion of lignification {unknown}


   Skills:
 + Level 2.7 Dodging
 + Level 3.8 Stealth
 + Level 2.6 Spellcasting
 + Level 4.5 Conjurations


You had 5 spell levels left.
You knew the following spells:

 Your Spells              Type           Power      Damage    Failure   Level
a - Magic Dart            Conj           88%        1d7       1%          1
b - Searing Ray           Conj           44%        2d6       1%          2

Your spell library contained the following spells:

 Spells                   Type           Power      Damage    Failure   Level
 Sting                    Tmut/Pois      8%         1d3       5%          1
 Dazzling Flash           Conj/Hex       24%        N/A       6%          3
 Poisonous Vapours        Pois/Air       4%         N/A       9%          2
 Fulminant Prism          Conj/Hex       6%         3d7       21%         4
 Iskenderun's Mystic Bla  Conj/Tloc      12%        2d5       21%         4
 Airstrike                Air            1%         2d(1-17)  45%         4
 Olgreb's Toxic Radiance  Pois           2%         N/A       45%         4
 Summon Lightning Spire   Summ/Air       2%         N/A       45%         4
 Lightning Bolt           Conj/Air       6%         1d18      47%         5
 Chain Lightning          Conj/Air       6%         3d8       100%        9
 Fire Storm               Conj/Fire      6%         8d2       100%        9
 Shatter                  Erth           1%         3d5*      100%        9


Dungeon Overview and Level Annotations

Branches:
Dungeon (3/15)

Altars:

Shops:
D:3 [


Innate Abilities, Weirdness & Mutations

You cannot wear most types of armour.
You are amphibious.
You can wear up to eight rings at the same time.
Your skin changes colour to match your surroundings (Stealth+).
Your rubbery body absorbs attacks. (AC +1, EV +1)
((You are camouflaged when in or above water. (Stealth+)))
You have tentacles for arms and can constrict up to eight enemies at once.


Message History

The orc is almost dead.
The orc priest shouts!
There are monsters nearby!
The magic dart hits the orc.
You kill the orc!
The orc throws a poisoned dart.
The poisoned dart hits you!
You are poisoned.
An orc is nearby!
The magic dart hits the orc.
The orc is heavily wounded.
You feel sick.
There are monsters nearby!
The magic dart hits the orc but does no damage.
The orc is heavily wounded.
You feel sick.
The orc throws a poisoned dart.
The poisoned dart hits you!
You are more poisoned.
There are monsters nearby!
The magic dart hits the orc but does no damage.
The orc is moderately wounded.
You feel sick.
Unknown command.
You feel sick.
The orc throws a poisoned dart.
The poisoned dart misses you.
You feel sick.
You feel sick.
The orc throws a poisoned dart.
The poisoned dart hits you!
You are more poisoned.
You feel very sick.
You feel very sick.
You feel sick.
The orc throws a poisoned dart.
The poisoned dart closely misses you.
You feel sick.
You feel sick.
You feel sick.
The orc throws a poisoned dart.
The poisoned dart hits you!
You are lethally poisoned!
* * * LOW HITPOINT WARNING * * *
You feel sick.
* * * LOW HITPOINT WARNING * * *
You feel sick.
It was a potion of might.
You feel very mighty all of a sudden.
You die...

..####..##########.###
#.#####.##### #......#
............# #.#..#.#
#.###.#...#.###.#..#.#
#..#.#...##.#..#.#
#...∩....##.#..#.#
#..#.#...##....#.#
..###.#..o#..#######.#
.).......o......@...>#
#####.#.############.#
...#...........†..#
##################.#
#.# #.# ####'#####
#........# #........#


You could see an orc priest and an orc.

Vanquished Creatures
  Jessica (D:2)
  An adder (D:2)
  An orc (D:3)
  2 ball pythons (D:1)
  3 bats
  5 endoplasms
  2 goblins (D:1)
  6 hobgoblins
  4 kobolds
  2 quokkas (D:1)
  3 frilled lizards
  5 rats
35 creatures vanquished.

Vanquished Creatures (others)
  A plant (D:3)
1 creature vanquished.

Grand Total: 36 creatures vanquished

Notes
Turn   | Place    | Note
-------+----------+-------------------------------------------
     0 | D:1      | hikkokomori the Octopode Conjurer began the quest for the
                  | Orb.
     0 | D:1      | Reached XP level 1. HP: 11/11 MP: 3/3
   324 | D:1      | Reached XP level 2. HP: 17/17 MP: 0/5
   444 | D:1      | Found a faded altar of an unknown god.
   545 | D:1      | Identified 3 scrolls of acquirement
   545 | D:1      | Acquired the ring "Ganwu" {rN+ Will+ AC+4}
   546 | D:1      | Acquired the ring "Zuotimni" {Wiz rF+ MP+9}
   547 | D:1      | Acquired a book of Storms
  1568 | D:2      | Reached XP level 3. HP: 21/21 MP: 6/6
  1571 | D:2      | Learned a level 2 spell: Searing Ray
  1712 | D:2      | Noticed Jessica
  1714 | D:2      | Killed Jessica
  1715 | D:2      | Reached XP level 4. HP: 27/27 MP: 7/7
  2362 | D:3      | Found Ymmy Ciutu's Antique Armour Shoppe.
  2490 | D:3      | Succumbed to an orc's poison

Illustrated notes

Levels and vault maps discovered:
D:1:      minmay_arrival_hallway, layout_loops_corners, basic_ecumenical_altar,
          minmay_unequal
D:2:      layout_loops_ring, uniq_jessica
D:3:      layout_basic, serial_shops, nicolae_shop_advertising_works
          [nicolae_subvault_shop_adworks], minmay_shallow_snake_nest,
          uniq_natasha

Skill      XL: |  1 |
---------------+----+-----
Stealth        | 3 |  3.8
Dodging        | |  2.7
Spellcasting   | |  2.6
Conjurations   | |  4.5

Action                   |  1- 3 |  4- 6 || total
-------------------------+-------+-------++-------
Melee: Unarmed           |     2 |       ||     2
       Tentacles         |     1 |       ||     1
 Cast: Magic Dart        |    40 |    27 ||    67
  Use: Scroll            |     3 |       ||     3
       Potion            |       |     1 ||     1
Armor: Skin              |     1 |       ||     1
Dodge: Dodged            |     3 |     3 ||     6
